AoeStats
← [Marty]TheEY

Lombardia

509192392Analyzed
3v3 RM · 7d ago on Sep 25, 2026· 32m 11s· 6 players
Game mode
Random Map
Map size
Normal (6 player)
Population
200
Speed
Normal
Resources
Standard
Victory
Conquest
Starting age
Dark Age
Ending age
Imperial Age
RankedLock teamsTeams togetherTeam positionsShared explorationLock speedFull tech treeHidden civsTurbo modeCheats
Victory
Defeat
🇭🇰 Mongols · Hong Kong SAR China
1557
+16
🇭🇰 Danes · Hong Kong SAR China
1550
+16
🇭🇰 Magyars · Hong Kong SAR China
1482
+19
🇦🇷 Danes · Argentina
1609
-20
🇦🇷 Huns · Argentina
1560
-17
🇦🇷 Varangians · Argentina
1473
-14
happy伯
6:44 Loom
8:52 Feudal Age
9:26 Double-Bit Axe
13:33 Fletching
14:31 Horse Collar
20:16 Castle Age
18:51 Gold Mining
19:34 Padded Archer Armor
20:18 Crossbowman
20:55 Bodkin Arrow
21:14 Bow Saw
23:44 Town Watch
24:36 Wheelbarrow
24:30 Heavy Plow
24:22 Stone Mining
28:12 Husbandry
29:03 Hand Cart
31:07 Town Patrol
phlui1122
5:46 Loom
8:27 Feudal Age
10:45 Double-Bit Axe
12:35 Town Watch
19:07 Horse Collar
24:07 Castle Age
24:31 Wheelbarrow
24:41 Scale Barding Armor
24:48 Bloodlines
25:25 Bow Saw
27:09 Chain Barding Armor
27:32 Heavy Plow
28:12 Husbandry
[Marty]TheEY
7:47 Feudal Age
6:42 Loom
8:50 Double-Bit Axe
14:24 Forging
15:21 Scale Barding Armor
17:10 Bloodlines
23:43 Castle Age
23:26 Fletching
23:53 Gold Mining
23:45 Horse Collar
24:28 Bodkin Arrow
24:42 Husbandry
24:40 Town Watch
24:42 Light Cavalry
26:16 Padded Archer Armor
27:53 Wheelbarrow
29:51 Bow Saw
30:34 Ballistics
AM | Pipi Romagnoli
9:06 Feudal Age
8:11 Loom
13:38 Double-Bit Axe
14:43 Horse Collar
18:28 Wheelbarrow
23:13 Castle Age
22:13 Bloodlines
22:44 Forging
22:40 Scale Barding Armor
23:28 Light Cavalry
24:08 Husbandry
25:10 Chain Barding Armor
25:49 Bow Saw
27:58 Iron Casting
31:30 Gold Mining
31:30 Stone Mining
[W] Haggardo
7:12 Loom
11:07 Feudal Age
11:50 Double-Bit Axe
16:14 Castle Age
14:36 Horse Collar
22:56 Scale Mail Armor
23:45 Squires
32:21 Chain Mail Armor
[W] BattleDenk
6:49 Loom
9:10 Feudal Age
11:49 Double-Bit Axe
12:53 Bloodlines
19:14 Wheelbarrow
19:20 Forging
20:33 Scale Barding Armor
24:42 Castle Age
25:24 Husbandry
24:47 Light Cavalry
Connection lost

Rejoining the realm…

Still unreachable

The connection could not be restored.

Session expired

The server has moved on; the page needs a fresh start.